 Dungeon Crawl Stone Soup version 0.20-a0-1043-gbd57889 (webtiles) character file.

80584 LieRen the Carver (level 15, -14/120 HPs)
             Began as a Demonspawn Chaos Knight on Apr 24, 2017.
             Was the Champion of Nemelex Xobeh.
             Demolished by a large slime creature (53 damage)
             ... on level 15 of the Dungeon.
             The game lasted 01:28:28 (34046 turns).

LieRen the Carver (Demonspawn Chaos Knight)        Turns: 34046, Time: 01:28:29

Health: -14/120    AC: 28    Str: 28    XL:     15   Next: 24%
Magic:  20/20      EV: 19    Int: 18    God:    Nemelex Xobeh [******]
Gold:   1355       SH:  7    Dex: 16    Spells: 10/20 levels left

rFire    + . .     SeeInvis +   S - +4 falchion (protect)
rCold    + + .     Gourm    .   t - +0 buckler of Eternal Vigilance {+Blink rElec rF+ Int+4}
rNeg     . . .     Faith    .   r - +4 ring mail {rF+}
rPois    +         Spirit   .   (helmet unavailable)
rElec    +         Reflect  .   Y - +0 cloak
rCorr    .         Harm     .   K - +2 pair of gloves
MR       +....     Clarity  +   p - +2 pair of boots
Stlth    +.........             s - amulet of regeneration
Regen    0.7/turn               I - ring of Awe {Ice +Blink rPois Dex-2 SInv}
MPRegen  0.2/turn               A - +6 ring of strength

@: mighty, protection aura, studying Translocations
A: claws 1, hooves 1, horns 3, molten scales 1, see invisible, agile 1, clarity,
cold resistance 1, foul stench 1, powered by pain 2, electricity resistance,
strong 1, no potion heal 1, rot immunity
a: Triple Draw, Deal Four, Stack Five, Renounce Religion, Evoke Blink


You were on level 15 of the Dungeon.
You worshipped Nemelex Xobeh.
Nemelex Xobeh was exalted by your worship.
You were not hungry.

You visited 3 branches of the dungeon, and saw 22 of its levels.

You collected 1355 gold pieces.

Inventory:

Hand Weapons
 S - a +4 falchion of protection (weapon)
 Z - a +3 long sword of freezing
Armour
 p - a +2 pair of boots (worn)
 r - a +4 ring mail of fire resistance (worn)
 t - the +0 buckler of Eternal Vigilance (worn) {+Blink rElec rF+ Int+4}
   (You found it on level 7 of the Dungeon)

   It affects your intelligence (+4).
   It protects you from fire.
   It insulates you from electricity.
   It lets you blink.
 K - a +2 pair of gloves (worn)
 L - a scarf of resistance
 Y - a +0 cloak (worn)
Jewellery
 d - an uncursed ring of wizardry
 o - an uncursed ring of positive energy
 s - an amulet of regeneration (around neck)
 A - a +6 ring of strength (right hand)
 I - the ring of Awe (left hand) {Ice +Blink rPois Dex-2 SInv}
   (You found it on level 6 of the Lair of Beasts)

   [ring of ice]

   It enhances your ice magic.
   It affects your dexterity (-2).
   It makes you vulnerable to fire.
   It protects you from cold.
   It protects you from poison.
   It lets you see invisible.
   It lets you blink.
 R - the cursed necklace of Bloodlust {*Rage +Rage MR++ Int-3 Slay+6 *Curse}
   (You found it on level 5 of the Lair of Beasts)

   [amulet of rage]

   It affects your intelligence (-3).
   It affects your accuracy and damage with ranged weapons and melee attacks
   (+6).
   It affects your resistance to hostile enchantments.
   It lets you go berserk.
   It may make you go berserk in combat.
   It curses itself when equipped.
   It has a curse placed upon it.
Scrolls
 i - 5 scrolls of teleportation
 k - 10 scrolls of remove curse
 m - 7 scrolls of magic mapping
 n - a scroll of fog
 v - 5 scrolls of amnesia
 B - a scroll of recharging
 Q - 4 scrolls of enchant weapon
Potions
 e - 2 potions of lignification
 f - 7 potions of curing
 q - a potion of berserk rage
 u - 2 potions of cancellation {unknown}
 x - 3 potions of flight
 z - 4 potions of haste
 F - a potion of agility
 H - 3 potions of magic
 P - a potion of might {unknown}
 T - 2 potions of heal wounds
 X - a potion of invisibility {unknown}
Books
 J - a book of Necromancy

   Spells                             Type                      Level
   a - Pain                           Necromancy                   1
   b - Animate Skeleton               Necromancy                   1
   c - Vampiric Draining              Necromancy                   3
   d - Regeneration                   Charms/Necromancy            3
   e - Animate Dead                   Necromancy                   4
   f - Control Undead                 Necromancy                   4
 W - a manual of Translocations
Miscellaneous
 b - an ornate deck of summoning
 h - a plain deck of summoning {drawn: 7}
 w - an ornate deck of destruction {drawn: 1}
 C - a legendary deck of destruction
 D - a plain deck of escape
 E - a legendary deck of escape {drawn: 2}
 G - an ornate deck of destruction
 N - a plain deck of destruction
 O - a plain deck of escape
 V - a legendary deck of destruction
Comestibles
 c - 9 bread rations
 g - 12 meat rations
 j - 13 royal jellies
 y - 11 chunks of flesh
 M - 25 fruits


   Skills:
 - Level 12.0 Fighting
 - Level 12.1 Long Blades
 - Level 10.0 Armour
 - Level 10.4 Dodging
 - Level 11.0 Shields
 - Level 4.2 Unarmed Combat
 - Level 3.3 Spellcasting
 - Level 2.0 Hexes
 * Level 2.5 Charms
 - Level 3.1 Necromancy
 - Level 2.1 Ice Magic
 - Level 4.1 Invocations
 - Level 1.2 Evocations


You had 10 spell levels left.
You knew the following spells:

 Your Spells              Type           Power        Failure   Level  Hunger
a - Ensorcelled Hibernat  Hex/Ice        ###...       14%         2    ##.....
b - Bolt of Magma         Conj/Fire/Erth #.........   99%         5    ######.
c - Regeneration          Chrm/Necr      ##........   21%         3    ###....


Dungeon Overview and Level Annotations

Branches:
Dungeon (15/15)            Temple (1/1) D:6            Lair (6/6) D:11
  Swamp (0/4) Lair:4       Spider (0/4) Lair:3        Slime (0/5) Lair:5
    Orc (0/2) D:11         Vaults (0/5) D:13
 Depths: D:15

Altars:
Ashenzari
Cheibriados
Dithmenos
Elyvilon
Fedhas
Gozag
Hepliaklqana
Kikubaaqudgha
Makhleb
Nemelex Xobeh
Okawaru
Qazlal
Ru
Sif Muna
Trog
Uskayaw
Vehumet
Wu Jian
Xom
Yredelemnul
Zin
The Shining One
Jiyva

Shops:
D:4 (   D:10 %


Innate Abilities, Weirdness & Mutations

You have a pair of large horns on your head.
You are partially covered in molten scales. (AC +2)
You may emit foul miasma when damaged in melee.
You sometimes gain power by taking damage.
You are immune to rotting.
You have sharp fingernails.
You have large cloven feet.
You have supernaturally acute eyesight. (SInv)
You are agile. (Dex +2)
You possess an exceptional clarity of mind.
Your flesh is cold resistant. (rC+)
You are resistant to electric shocks. (rElec)
Your muscles are strong. (Str +2)
Potions are less effective at restoring your health.


Message History

The slime creature is engulfed in dark miasma.
The slime creature seems to slow down.
The slime creature misses you.
You riposte.
You slice the slime creature!! You headbutt the slime creature!!
The slime creature is almost dead.
The large slime creature closely misses you.
You slash the large slime creature!
The large slime creature is moderately wounded.
You block the large slime creature's attack.
The slime creature is engulfed in dark miasma.
The slime creature is poisoned.
The slime creature seems to slow down.
The slime creature hits you!
* * * LOW HITPOINT WARNING * * *
The slime creature is engulfed in dark miasma.
The slime creature looks even sicker.
The slime creature seems to slow down.
You kill the slime creature!
The large slime creature barely misses you.
The large slime creature hits you!!!
You die...
Xom titters!
Your body glows with a rainbow of weird colours and disappears.

.........).
...........
######
##.#....)))
#..#.## #
#..#.... #.†c..#
#.#..#.###
#.##.##
#......... ## ..
##..# #.#..#.###
.. ... ##J..#
#.#..#.# # #.
... #@.### #.
#.# # #. #.
##.## #..#.###
#. #####...##
#.......
#.####.#.....#
#..#####
#......#.....#
.......
#..###.##...##
..##### #..#
#.###)## # #
###..###.###'# #
#.#........./..#
#


You could see a large slime creature (berserk).

Vanquished Creatures
  The ghost of Fhqwhgads the Grappler, a journeyman TrMo of Cheibriados (Lair:1)
  A rakshasa (D:15)
  5 vault guards
  A hydra (Lair:2)
  The ghost of NictusVictus the Basher, a journeyman DsCK of Xom (D:10)
  A death knight (D:12)
  6 centaur warriors
  A merfolk avatar (Lair:6)
  6 two-headed ogres
  A tengu warrior (D:14)
  3 death yaks (D:11)
  Nergalle (Lair:1)
  An unseen horror (D:14)
  3 sea snakes (Lair:6)
  Pikel (D:8)
  9 ugly things
  A deep elf mage (D:12)
  9 elephants
  3 cyclopes
  2 manticores
  A black mamba (shapeshifter) (D:15)
  3 black mambas
  4 centaur zombies
  10 spiny frogs
  4 rime drakes
  5 yaktaurs
  A tengu conjurer (D:14)
  10 komodo dragons
  5 polar bears
  2 wind drakes (Lair:6)
  7 trolls
  2 hornets (D:8)
  16 blink frogs
  6 dream sheep
  A slime creature (D:15)
  8 hippogriffs
  A shadow (D:14)
  A basilisk (shapeshifter) (D:5)
  2 vampires (D:11)
  A spriggan (shapeshifter) (D:15)
  3 basilisks
  4 wraiths
  2 wyverns
  49 yaks
  A hungry ghost (D:12)
  17 vampire mosquitoes
  A warg (shapeshifter) (D:15)
  A steam dragon (D:15)
  A spatial vortex (D:8)
  4 acid dragons
  20 water moccasins
  3 porcupines
  8 orc warriors
  2 hornet zombies
  3 ice beasts
  6 sky beasts
  4 black bears
  3 necrophages
  9 ogres
  21 centaurs
  An eye of draining (D:10)
  3 boggarts (D:15)
  17 crocodiles
  16 wolves
  14 bullfrogs
  A wyvern zombie (D:11)
  3 scorpions
  17 killer bees
  4 wights (D:14)
  A howler monkey (D:4)
  An electric eel (Lair:4)
  9 crimson imps
  A bullfrog zombie (D:6)
  3 jellies
  3 bullfrog skeletons (D:11)
  12 orc wizards
  6 orc priests
  A gnoll shaman (D:8)
  5 hounds
  3 centaur skeletons
  8 iguanas
  Natasha (thrice) (D:2)
  A hell rat (D:11)
  15 worker ants
  A hound zombie (D:6)
  Robin (D:2)
  3 worker ant zombies
  3 gnolls (D:7)
  2 river rats (D:11)
  12 adders
  A shadow imp (D:11)
  An ooze (D:1)
  4 adder skeletons
  3 worms
  2 dart slugs (D:2)
  6 leopard geckos
  57 orcs
  2 ball pythons
  A giant cockroach (D:1)
  15 goblins
  7 hobgoblins
  3 jackals (D:7)
  5 quokkas
  13 bats
  8 frilled lizards
  A giant cockroach zombie (D:6)
  A jackal skeleton (D:4)
  4 kobolds
  A quokka zombie (D:5)
  11 rats
625 creatures vanquished.

Vanquished Creatures (collateral kills)
  Nessos (Lair:6)
  A dire elephant (Lair:6)
  3 vault guards
  3 hydras (Lair:6)
  A skeletal warrior (D:13)
  An orc knight (D:15)
  3 rime drakes (Lair:6)
  A phantom (D:10)
  An ogre (D:5)
  2 howler monkeys (D:8)
  A crimson imp (D:15)
  A jelly (D:5)
  An orc wizard (D:5)
  A bullfrog skeleton (D:5)
  A leopard gecko (D:4)
  A giant cockroach (D:4)
  A jackal (D:7)
24 creatures vanquished.

Vanquished Creatures (others)
  An orc wizard (D:5)
  2 adders
  A leopard gecko (D:5)
  An orc (D:5)
  14 fungi
  12 plants
31 creatures vanquished.

Grand Total: 680 creatures vanquished

Notes
Turn   | Place    | Note
-------+----------+-------------------------------------------
     0 | D:1      | LieRen the Demonspawn Chaos Knight began the quest for the Orb.
     0 | D:1      | Reached XP level 1. HP: 18/18 MP: 1/1
   155 | D:1      | Noticed a wolf
   155 | D:1      | an ooze changed into a wolf
   157 | D:1      | Killed a wolf
   157 | D:1      | Reached skill level 5 in Fighting
   157 | D:1      | Gained mutation: You are partially covered in molten scales. (AC +2) [demonic ancestry]
   157 | D:1      | Reached XP level 2. HP: 23/27 MP: 2/2
   157 | D:1      | Gained mutation: You have a pair of small horns on your head. [demonic ancestry]
   157 | D:1      | Reached XP level 3. HP: 28/33 MP: 3/3
   157 | D:1      | Gained mutation: You sometimes gain a little power by taking damage. [demonic ancestry]
   157 | D:1      | Reached XP level 4. HP: 33/39 MP: 4/4
   512 | D:1      | XOM: mild Necr miscast
   792 | D:1      | Reached skill level 1 in Dodging
  1146 | D:2      | Noticed Robin
  1169 | D:2      | Killed Robin
  1203 | D:2      | XOM: medium Erth miscast
  1535 | D:2      | Noticed Natasha
  1543 | D:2      | Killed Natasha
  1543 | D:2      | Reached XP level 5. HP: 37/43 MP: 5/5
  1717 | D:2      | XOM: silly message
  1743 | D:2      | Noticed Natasha
  1755 | D:2      | Killed Natasha
  1916 | D:2      | Found a faded altar of an unknown god.
  2030 | D:2      | Found a radiant altar of Vehumet.
  2030 | D:2      | Found a shimmering altar of Xom.
  2073 | D:2      | Noticed Natasha
  2081 | D:2      | Killed Natasha
  2260 | D:3      | XOM: 4-stop teleportation journey
  2301 | D:3      | Found a glowing golden altar of the Shining One.
  2447 | D:3      | XOM: mild Chrm miscast
  2495 | D:3      | Reached XP level 6. HP: 38/50 MP: 6/6
  2942 | D:3      | Found a sacrificial altar of Ru.
  2995 | D:3      | XOM: give mutation
  2995 | D:3      | Gained mutation: Scrolls take you a little longer to read. [Xom's mischief]
  3271 | D:4      | Found Napho's Antique Weapon Emporium.
  3271 | D:4      | XOM: 5-stop teleportation journey
  3273 | D:4      | XOM: cast spell 'Call Canine Familiar'
  3342 | D:4      | XOM: potion effect (berserk rage)
  3457 | D:4      | Found a stormy altar of Qazlal.
  3460 | D:4      | XOM: butterfly on damage
  3470 | D:4      | Reached skill level 5 in Long Blades
  4016 | D:5      | Entered Level 5 of the Dungeon
  4020 | D:5      | XOM: cloud trail
  4035 | D:5      | Got an ancient hand axe
  4041 | D:5      | XOM: cast spell 'Alistair's Intoxication'
  4044 | D:5      | XOM: swap monsters
  4055 | D:5      | Noticed a shapeshifter
  4055 | D:5      | a wolf changed into a shapeshifter
  4055 | D:5      | Noticed a basilisk
  4055 | D:5      | a shapeshifter changed into a basilisk
  4062 | D:5      | Killed a basilisk
  4062 | D:5      | Gained mutation: You have a pair of horns on your head. [demonic ancestry]
  4062 | D:5      | Reached XP level 7. HP: 35/56 MP: 7/7
  4399 | D:5      | XOM: cast spell 'Summon Ice Beast'
  4538 | D:5      | XOM: god gift: 40 gold pieces
  4780 | D:5      | Found a deep blue altar of Sif Muna.
  4914 | D:5      | Noticed a hippogriff
  4979 | D:5      | XOM: give mutations
  4979 | D:5      | Gained mutation: Your muscles are strong. (Str +2) [Xom's grace]
  4979 | D:5      | Gained mutation: You have sharp fingernails. [Xom's grace]
  4990 | D:5      | XOM: summons friendly shadow imp
  4998 | D:5      | Killed a hippogriff
  4998 | D:5      | Reached XP level 8. HP: 39/64 MP: 8/8
  5086 | D:5      | XOM: scenery: create altars
  5128 | D:5      | XOM: god gift: scale mail {god gift}
  5194 | D:5      | XOM: polymorph sky beast -> water moccasin
  5203 | D:5      | XOM: summons friendly red devil
  5544 | D:5      | XOM: give mutations
  5544 | D:5      | Gained mutation: You are agile. (Dex +2) [Xom's grace]
  5544 | D:5      | Gained mutation: You are robust. (+10% HP) [Xom's grace]
  5544 | D:5      | Gained mutation: You are resistant to electric shocks. (rElec) [Xom's grace]
  5793 | D:6      | Found a shimmering altar of Xom.
  5851 | D:6      | XOM: scenery: create altars
  5976 | D:5      | XOM: scenery: create altars
  6074 | D:5      | XOM: cloud trail
  6206 | D:6      | XOM: confuse monster(s)
  6215 | D:6      | Found a staircase to the Ecumenical Temple.
  6221 | Temple   | Entered the Ecumenical Temple
  6341 | D:6      | XOM: give mutations
  6341 | D:6      | Lost mutation: You are agile. (Dex +2) [Xom's mischief]
  6341 | D:6      | Gained mutation: You are clumsy. (Dex -2) [Xom's mischief]
  6341 | D:6      | Gained mutation: Your body sometimes deteriorates upon taking damage. [Xom's mischief]
  6341 | D:6      | Lost mutation: Scrolls take you a little longer to read. [Xom's mischief]
  6372 | D:6      | Lost mutation: You are clumsy. (Dex -2) [potion of mutation]
  6372 | D:6      | Lost mutation: Your muscles are strong. (Str +2) [potion of mutation]
  6372 | D:6      | Lost mutation: Your body sometimes deteriorates upon taking damage. [potion of mutation]
  6372 | D:6      | Lost mutation: You are robust. (+10% HP) [potion of mutation]
  6372 | D:6      | Lost mutation: You have sharp fingernails. [potion of mutation]
  6372 | D:6      | Gained mutation: You have a pair of large horns on your head. [potion of mutation]
  6372 | D:6      | Gained mutation: You have large cloven feet. [potion of mutation]
  6372 | D:6      | Gained mutation: You possess an exceptional clarity of mind. [potion of mutation]
  6687 | Temple   | XOM: medium Ice miscast
  7108 | D:7      | Reached skill level 5 in Armour
  7134 | D:7      | Gained mutation: You are immune to rotting. [demonic ancestry]
  7134 | D:7      | Reached XP level 9. HP: 70/72 MP: 9/9
  7136 | D:7      | Got a heavily runed buckler
  7155 | D:7      | Identified the cursed +0 buckler of Eternal Vigilance {+Blink rElec rF+ Int+4} (You found it on level 7 of the Dungeon)
  7200 | D:7      | Reached skill level 1 in Shields
  7519 | D:7      | XOM: summons friendly iron imp
  7645 | D:7      | XOM: mild Tloc miscast
  7680 | D:7      | XOM: polymorph something unseen -> killer bee
  7801 | D:7      | XOM: cloud trail
  7961 | D:7      | Found a hide-covered altar of Uskayaw.
  8203 | D:7      | XOM: scenery: create altars
  8567 | D:8      | Reached skill level 1 in Unarmed Combat
  8573 | D:8      | XOM: medium Fire miscast
  8765 | D:8      | XOM: polymorph iguana -> worm
  9217 | D:8      | XOM: mild Tloc miscast
  9218 | D:8      | XOM: smoke on damage
  9406 | D:8      | Noticed Pikel
  9410 | D:8      | XOM: noise
  9430 | D:8      | XOM: summons friendly quasit
  9460 | D:8      | XOM: confuse monster(s)
  9464 | D:8      | Killed Pikel
  9553 | D:8      | XOM: harmless Air miscast
  9673 | D:8      | Noticed a two-headed ogre
  9676 | D:8      | XOM: harmless Tloc miscast
  9679 | D:8      | XOM: polymorph wyvern -> blink frog
  9680 | D:8      | Killed a two-headed ogre
  9680 | D:8      | Gained mutation: You may emit foul miasma when damaged in melee. [demonic ancestry]
  9680 | D:8      | Reached XP level 10. HP: 79/81 MP: 10/10
  9787 | D:8      | XOM: give mutations
  9787 | D:8      | Gained mutation: Your muscles are strong. (Str +2) [Xom's grace]
  9787 | D:8      | Gained mutation: You are agile. (Dex +2) [Xom's grace]
 10081 | D:6      | XOM: silly message
 10148 | Temple   | Fell from the grace of Xom
 10148 | Temple   | Became a worshipper of Nemelex Xobeh the Trickster
 10433 | D:8      | Reached skill level 5 in Dodging
 10756 | D:8      | XOM: give mutations
 10756 | D:8      | Gained mutation: Your flesh is cold resistant. (rC+) [Xom's grace]
 10756 | D:8      | Gained mutation: You have sharp fingernails. [Xom's grace]
 10818 | D:9      | Found a hazy altar of Hepliaklqana.
 10857 | D:9      | Found a sacrificial altar of Ru.
 10879 | D:9      | Noticed a two-headed ogre
 10880 | D:9      | Received a gift from Nemelex Xobeh
 10890 | D:9      | Killed a two-headed ogre
 11109 | D:9      | XOM: mild Chrm miscast
 11369 | D:9      | Found a white marble altar of Elyvilon.
 11506 | D:9      | Identified a scroll of acquirement
 11594 | D:9      | Reached skill level 5 in Shields
 11603 | D:9      | Learned a level 2 spell: Ensorcelled Hibernation
 11782 | D:9      | Noticed a moth of wrath
 11785 | D:9      | Found a bloodstained altar of Trog.
 12209 | D:10     | Entered Level 10 of the Dungeon
 12331 | D:10     | Noticed NictusVictus's ghost (journeyman DsCK)
 12545 | D:10     | XOM: summons 7 hostile demons
 12715 | D:10     | Found Tushrenug's Food Emporium.
 12796 | D:10     | XOM: noise
 12857 | D:10     | Mutation became permanent: You have a pair of horns on your head. [demonic ancestry]
 12857 | D:10     | Gained mutation: You have a pair of large horns on your head. [demonic ancestry]
 12857 | D:10     | Reached XP level 11. HP: 69/89 MP: 11/11
 13081 | D:10     | XOM: draining
 13226 | D:10     | Received a gift from Nemelex Xobeh
 13434 | D:10     | XOM: summons 4 hostile demons
 13558 | D:10     | Reached * piety under Nemelex Xobeh
 13681 | D:10     | XOM: severe Fire miscast
 13728 | D:10     | Killed NictusVictus's ghost
 13754 | D:10     | Noticed a two-headed ogre
 13767 | D:10     | Killed a two-headed ogre
 13767 | D:10     | Reached skill level 10 in Long Blades
 14748 | D:11     | Reached skill level 10 in Fighting
 14872 | D:11     | Noticed a two-headed ogre
 14891 | D:11     | Killed a two-headed ogre
 15495 | D:11     | Found a staircase to the Lair.
 15520 | D:11     | Noticed a death yak
 15520 | D:11     | Noticed a purple ugly thing
 15549 | D:11     | Killed a purple ugly thing
 15776 | D:11     | XOM: medium Hex miscast
 15787 | D:11     | Noticed a centaur warrior
 16022 | D:11     | Noticed a death yak
 16071 | D:11     | Killed a death yak
 16243 | D:11     | Killed a death yak
 16307 | D:11     | Noticed a death yak
 16323 | D:11     | Killed a death yak
 16323 | D:11     | Reached XP level 12. HP: 18/98 MP: 12/12
 16650 | D:11     | Noticed a two-headed ogre
 16658 | D:11     | Killed a two-headed ogre
 16664 | D:11     | Killed a centaur warrior
 16742 | D:11     | XOM: noise
 16832 | D:11     | Found a staircase to the Orcish Mines.
 16855 | D:11     | Noticed a two-headed ogre
 16873 | D:11     | Killed a two-headed ogre
 17138 | Lair:1   | Entered Level 1 of the Lair of Beasts
 17202 | D:11     | XOM: give mutations
 17202 | D:11     | Lost mutation: Your flesh is cold resistant. (rC+) [Xom's mischief]
 17202 | D:11     | Gained mutation: Your body sometimes deteriorates upon taking damage. [Xom's mischief]
 17202 | D:11     | Gained mutation: Your magical capacity is low. (-10% MP) [Xom's mischief]
 17396 | D:11     | XOM: medium Chrm miscast
 17402 | D:11     | Lost mutation: Your body sometimes deteriorates upon taking damage. [potion of mutation]
 17402 | D:11     | Lost mutation: Your magical capacity is low. (-10% MP) [potion of mutation]
 17402 | D:11     | Gained mutation: Your flesh is cold resistant. (rC+) [potion of mutation]
 17402 | D:11     | Gained mutation: Potions are less effective at restoring your health. [potion of mutation]
 17402 | D:11     | Gained mutation: You have supernaturally acute eyesight. (SInv) [potion of mutation]
 17497 | Lair:1   | Noticed Fhqwhgads's ghost (journeyman TrMo)
 17522 | Lair:1   | Killed Fhqwhgads's ghost
 17965 | Lair:1   | Found an iron altar of Okawaru.
 18386 | Lair:1   | Noticed Nergalle
 18419 | Lair:1   | Killed Nergalle
 18617 | Lair:1   | Reached ** piety under Nemelex Xobeh
 18891 | Lair:1   | XOM: blink monster(s)
 19109 | Lair:1   | Reached skill level 1 in Spellcasting
 19525 | Lair:1   | Reached skill level 1 in Hexes
 19744 | Lair:2   | Reached skill level 1 in Ice Magic
 20325 | Lair:2   | Reached skill level 1 in Evocations
 20513 | Lair:2   | Noticed an eight-headed hydra
 20542 | Lair:2   | Killed an 11-headed hydra
 20736 | Lair:2   | Found a deep blue altar of Sif Muna.
 21324 | Lair:3   | Received a gift from Nemelex Xobeh
 21330 | Lair:3   | Found an ornate altar of the Wu Jian Council.
 21375 | Lair:3   | Reached *** piety under Nemelex Xobeh
 21803 | Lair:3   | Got a shimmering war axe
 22097 | Lair:3   | Found a hole to the Spider Nest.
 22479 | Lair:4   | Found a staircase to the Swamp.
 22586 | Lair:4   | Reached **** piety under Nemelex Xobeh
 22611 | Lair:4   | XOM: harmless Erth miscast
 22829 | Lair:4   | XOM: divination: magic mapping
 22862 | Lair:4   | Reached XP level 13. HP: 101/106 MP: 17/17
 22875 | Lair:4   | XOM: harmless Hex miscast
 23075 | Lair:4   | XOM: harmless Summ miscast
 23635 | Lair:1   | XOM: harmless Tmut miscast
 23734 | Lair:3   | XOM: divination: magic mapping
 23943 | Lair:5   | Received a gift from Nemelex Xobeh
 24444 | Lair:5   | Found a staircase to the Slime Pits.
 24458 | Lair:5   | Found a viscous altar of Jiyva.
 24522 | Lair:5   | Received a gift from Nemelex Xobeh
 24926 | Lair:5   | Reached skill level 1 in Invocations
 25588 | Lair:1   | XOM: medium Fire miscast
 26038 | Lair:6   | Entered Level 6 of the Lair of Beasts
 26699 | Lair:6   | XOM: noise
 26915 | Lair:6   | Noticed a dire elephant
 26947 | Lair:6   | Killed a dire elephant
 27169 | Lair:6   | Reached XP level 14. HP: 94/115 MP: 18/18
 27278 | Lair:6   | Reached skill level 10 in Armour
 27409 | Lair:6   | XOM: noise
 27409 | Lair:6   | Was forgiven by Xom
 27431 | Lair:6   | Noticed Nessos
 27449 | Lair:6   | Killed Nessos
 27812 | Lair:6   | Got a glittering jade ring
 27870 | Lair:6   | Identified the ring of Awe {Ice +Blink rPois Dex-2 SInv} (You found it on level 6 of the Lair of Beasts)
 28243 | Lair:6   | Received a gift from Nemelex Xobeh
 28389 | Lair:6   | Reached ***** piety under Nemelex Xobeh
 29078 | D:12     | Received a gift from Nemelex Xobeh
 29172 | D:12     | Reached skill level 10 in Dodging
 29572 | D:13     | Received a gift from Nemelex Xobeh
 29744 | D:13     | Learned a level 5 spell: Bolt of Magma
 30779 | D:13     | Found a gate to the Vaults.
 30904 | D:13     | Received a gift from Nemelex Xobeh
 31677 | D:14     | Learned a level 3 spell: Regeneration
 31681 | D:14     | Received a gift from Nemelex Xobeh
 31727 | D:14     | Reached skill level 10 in Shields
 32725 | D:14     | Found a glowing golden altar of the Shining One.
 32753 | D:14     | Received a gift from Nemelex Xobeh
 32935 | D:14     | Gained mutation: You sometimes gain power by taking damage. [demonic ancestry]
 32935 | D:14     | Reached XP level 15. HP: 76/120 MP: 19/19
 33077 | D:14     | Reached ****** piety under Nemelex Xobeh
 33320 | D:15     | Entered Level 15 of the Dungeon
 33459 | D:15     | Reached skill level 1 in Necromancy
 33824 | D:15     | Reached skill level 1 in Charms
 33860 | D:15     | Received a gift from Nemelex Xobeh
 34046 | D:15     | Demolished by a large slime creature

Vault maps used:
D:1:      dpeg_arrival_shrine
D:2:      gammafunk_temple_overflow_elements, chequers_ecumenical_altar_grove,
          uniq_robin, uniq_natasha
D:3:      tso_oasis_becter, roderic_aztec_sauvastika, roderic_malta_cross,
          hangedman_ru_absence
D:4:      serial_shops, nicolae_shop_waterfront, nicolae_qazlal_eye_of_the_storm
D:5:      overflow_temple_1_default, first_bread, serial_bayou,
          serial_bayou_pond_d, serial_bayou_lagoon_b, serial_bayou_lagoon_a,
          serial_bayou_ford_a, minmay_misc_feat_five
D:6:      minmay_temple_entry_fiery, basic_altar
D:7:      overflow_temple_1_default
D:8:      hangedman_pestilent_swarm, st_stairs_6, uniq_pikel
D:9:      elyvilon_altar_3, lemuel_crystal_altar, tgw_trog, kennysheep_mini
D:10:     serial_shops, shop
D:11:     dpeg_lair_monsters, orc_0_dummy, st_stairs_5
D:13:     erik_vaults_2, minmay_curled_crystal
D:14:     tso_metal_star
D:15:     gammafunk_enter_depths_forms, corexii_hall_statues_i, st_stairs_5,
          hive_lemuel
Temple:   oiseaux_autumnal_temple
Lair:1:   basic_altar, uniq_nergalle
Lair:2:   statuecave_lemuel, basic_altar, lemuel_fruit_fields
Lair:3:   dummy_spider_entry, basic_altar
Lair:4:   swamp_mist_pool
Lair:5:   slime_altar_1
Lair:6:   gammafunk_lair_ancient_temple, uniq_nessos

Skill      XL: |  1  2  3  4  5  6  7  8  9 10 11 12 13 14 15 |
---------------+----------------------------------------------+-----
Fighting       | 5 6 7 8 9 10 11 12 | 12.0
Armour         | 2 3 4 5 6 7 8 9 10 | 10.0
Dodging        | 2 3 4 6 7 8 10 | 10.4
Long Blades    | 4 5 7 9 10 11 12 | 12.1
Shields        | 4 5 6 8 10 11 | 11.0
Unarmed Combat | 3 4 |  4.2
Spellcasting   | 3 |  3.3
Hexes          | 2 |  2.0
Ice Magic      | 2 |  2.1
Evocations     | 1 |  1.2
Invocations    | 1 4 |  4.1
Necromancy     | 3 |  3.1
Charms         | 2 |  2.5

Action                   |  1- 3 |  4- 6 |  7- 9 | 10-12 | 13-15 || total
-------------------------+-------+-------+-------+-------+-------++-------
Melee: Falchion          |     5 |   240 |   432 |  1017 |  1590 ||  3284
       Headbutt          |       |    37 |    89 |   290 |   531 ||   947
Evoke: Wand              |       |       |       |     7 |     2 ||     9
       Deck              |       |       |       |     2 |    16 ||    18
  Use: Scroll            |       |     8 |     3 |    11 |    18 ||    40
       Potion            |       |     1 |     2 |    10 |     1 ||    14
 Stab: Sleeping          |       |     2 |       |       |     2 ||     4
       Distracted        |       |     1 |       |     1 |       ||     2
       Paralysed         |       |       |     8 |     1 |       ||     9
       Petrified         |       |       |     3 |       |       ||     3
       Petrifying        |       |       |     1 |     1 |       ||     2
       Invisible         |       |       |       |    10 |       ||    10
  Eat: Chunk             |       |    10 |    13 |    22 |    34 ||    79
       Fruit             |       |       |     2 |     2 |       ||     4
       Bread ration      |       |       |     1 |     2 |       ||     3
       Meat ration       |       |       |       |     2 |     1 ||     3
Armor: Leather armour    |     4 |    99 |   159 |   285 |   104 ||   651
       Ring mail         |       |       |       |       |   506 ||   506
Dodge: Dodged            |     7 |   164 |   249 |   605 |  1037 ||  2062
Block: Buckler           |       |       |    16 |   258 |   474 ||   748
       Rpst.: Falchion   |     3 |    58 |    63 |   173 |   273 ||   570
